Map: Torri del crepuscolo

Players

MaxPauer - Winner!

  • Race: Protoss Protoss
  • League: Diamond

Jhyrachy

  • Race: Zerg Zerg
  • League: Gold

VOD

Have the link to the VOD?

Description

Time

  • Played on: April 21, 2016, 3:34 p.m.
  • Length: 36:54
Show
View Real Time Build Order
Export as new Build Order

MaxPauer Protoss - Winner!

Build Orders: Nexus First 

Get SALT Encoding   

  12  0:01  Probe (Chrono Boost)  
  13  0:11  Probe (Chrono Boost)  
  14  0:19  Pylon  
  14  0:22  Probe (Chrono Boost)  
  15  0:38  Probe (Chrono Boost)  
  16  0:48  Probe (Chrono Boost)  
  17  1:03  Nexus  
  17  1:17  Gateway  
  17  1:19  Probe (Chrono Boost)  
  17  1:22  Assimilator  
  18  1:29  Probe (Chrono Boost)  
  19  1:40  Probe (Chrono Boost)  
  20  1:50  Probe (Chrono Boost)  
  21  1:57  Gateway  
  21  2:05  Assimilator  
  21  2:09  Cybernetics Core  
  21  2:12  Pylon  
  21  2:22  Probe (Chrono Boost)  
  22  2:24  Probe (Chrono Boost)  
  23  2:32  Probe (Chrono Boost)  
  23  2:34  Probe (Chrono Boost), Warp Gate (Chrono Boost)  
  25  2:38  Gateway  
  25  2:45  Robotics Facility  
  25  2:53  Zealot (Chrono Boost)  
  25  2:57  Probe x2  
  29  3:09  Probe x2, Zealot (Chrono Boost)  
  35  3:20  Zealot (Chrono Boost)  
  35  3:21  Probe  
  35  3:22  Probe  
  35  3:23  Pylon  
  35  3:26  Pylon  
  37  3:33  Observer  
  40  3:42  Probe x2  
  40  3:43  Zealot x2 (Chrono Boost)  
  40  3:46  Assimilator  
  44  3:54  Probe x2  
  46  4:00  Twilight Council  
  46  4:05  Immortal (Chrono Boost)  
  50  4:12  Probe x2  
  52  4:24  Probe x2  
  54  4:38  Stalker  
  54  4:39  Stalker x2  
  60  4:49  Pylon  
  60  4:50  Pylon  
  60  4:53  Probe x2  
  62  5:07  Probe x2  
  62  5:08  Immortal (Chrono Boost)  
  68  5:17  Stalker x3  
  74  5:24  Probe x2  
  76  5:36  Probe x2  
  78  5:47  Charge (Chrono Boost)  
  78  5:48  Pylon  
  78  5:49  Pylon  
  78  5:51  Pylon  
  78  5:53  Gateway  
  78  5:54  Gateway  
  78  5:56  Gateway  
  78  5:58  Assimilator  
  78  6:07  Probe x2, Immortal  
  78  6:11  Stalker x3  
  90  6:42  Nexus, Stalker x3  
  90  6:46  Immortal  
  63  7:17  Stalker  
  63  7:18  Stalker x5  
  75  7:23  Probe x2  
  77  7:30  Stargate  
  77  7:31  Immortal  
  77  7:35  Probe x2  
  83  7:44  Zealot x3  
  83  7:45  Zealot x3  
  95  7:51  Pylon  
  95  7:53  Pylon  
  95  7:57  Probe  
  95  7:58  Probe  
  95  7:59  Probe  
  98  8:10  Immortal  
  98  8:12  Zealot x4  
  108  8:13  Zealot x2  
  108  8:19  Pylon  
  114  8:28  Dark Shrine  
  114  8:32  Probe  
  114  8:34  Probe x2, Gateway  
  116  8:35  Gateway  
  117  8:43  Probe  
  117  8:46  Probe x2  
  120  8:50  Observer  
  120  8:51  Blink (Chrono Boost)  
  120  8:53  Assimilator, Probe  
  122  8:57  Assimilator  
  122  8:58  Probe x2  
  124  9:04  Phoenix, Probe  
  127  9:10  Probe x2  
  127  9:15  Probe  
  130  9:22  Probe x2  
  132  9:29  Phoenix  
  134  9:32  Forge x2  
  132  9:53  Zealot x4  
  140  10:00  Gateway  
  140  10:03  Pylon  
  140  10:04  Pylon  
  140  10:06  Pylon  
  140  10:08  Gateway  
  140  10:09  Gateway  
  140  10:22  Nexus  
  140  10:24  Assimilator  
  140  10:25  Dark Templar x3  
  140  10:26  Dark Templar x5  
  156  10:29  Assimilator  
  156  10:31  Pylon  
  156  10:32  Pylon  
  156  10:34  Pylon  
  156  10:36  Probe  
  156  10:37  Probe x2  
  159  10:46  Probe  
  159  10:49  Probe x2  
  160  11:10  Probe  
  160  11:12  Probe x2  
  160  11:16  Zealot  
  160  11:17  Zealot x6  
  160  11:18  Zealot  
  179  11:24  Probe x2  
  181  11:41  Dark Templar x4  
  181  11:42  Dark Templar x5  
  199  11:49  Archon x5  
  199  11:50  Archon x3  
  199  11:57  Protoss Ground Weapons Level 1 (Chrono Boost), Protoss Ground Armor Level 1 (Chrono Boost)  
  199  12:09  Gateway x2  
  199  12:11  Gateway  
  199  12:14  Gateway  
  199  12:19  Gateway  
  199  12:29  Probe  
  91  13:17  Zealot x4  
  91  13:18  Zealot x6  
  91  13:19  Zealot x4  
  111  13:20  Zealot x2  
  87  13:41  Dark Templar x3  
  87  13:42  Dark Templar x6  
  87  13:43  Dark Templar x6  
  115  14:14  Zealot x4  
  115  14:15  Zealot x5  
  115  14:16  Zealot x3  
  111  14:51  Zealot  
  111  14:52  Zealot x6  
  123  14:53  Zealot x5  
  121  15:07  Observer (Chrono Boost)  
  114  15:23  Zealot x2  
  114  15:24  Zealot x5  
  114  15:25  Zealot x4  
  114  15:26  Observer (Chrono Boost)  
  103  15:50  Dark Templar  
  103  15:51  Dark Templar x6  
  103  15:52  Dark Templar x3  
  103  15:55  Archon x4  
  103  15:56  Archon  
  120  15:57  Probe  
  120  15:58  Probe x3  
  106  17:12  Nexus  
  94  17:18  Void Ray (Chrono Boost)  
  98  17:41  Fleet Beacon  
  98  17:52  Dark Templar x4  
  98  17:53  Dark Templar x2  
  98  17:56  Void Ray (Chrono Boost), Archon x2  
  98  17:57  Archon  
  114  18:12  Pylon x2  
  114  18:14  Pylon  
  114  18:32  Stargate  
  114  18:33  Stargate  
  114  18:34  Void Ray (Chrono Boost)  
  118  18:44  Adept x5  
  118  18:45  Adept x3  
  134  19:05  Assimilator  
  134  19:09  Assimilator  
  134  19:12  Pylon  
  134  19:14  Pylon  
  134  19:15  Pylon  
  134  19:17  Tempest x3 (Chrono Boost)  
  146  19:39  Observer (Chrono Boost)  
  147  19:53  Tempest x3 (Chrono Boost)  
  159  20:00  Gateway, Observer  
  159  20:01  Gateway  
  159  20:04  Gateway  
  159  20:05  Gateway  
  160  20:15  Protoss Ground Weapons Level 2 (Chrono Boost)  
  161  20:21  Observer  
  161  20:24  Protoss Ground Armor Level 2 (Chrono Boost)  
  161  20:27  Tempest x2  
  161  20:29  Tempest  
  173  21:11  Adept x3  
  173  21:12  Adept x4  
  173  21:13  Adept x4  
  193  23:53  Tempest  
  119  25:12  Dark Templar  
  119  25:13  Dark Templar x6  
  119  25:14  Dark Templar x4  
  125  25:26  Archon x4  
  125  25:27  Archon  
  125  25:55  Zealot  
  125  25:56  Zealot x4  
  135  25:57  Zealot  
  135  25:58  Zealot x5  
  122  26:19  Zealot x6  
  122  26:20  Zealot x2  
  122  26:21  Zealot  
  120  26:44  Zealot x5  
  120  26:45  Zealot x3  
  126  27:14  Zealot x3  
  126  27:15  Zealot  
  134  27:33  Gateway x2  
  134  27:34  Gateway  
  134  27:36  Gateway  
  110  28:11  Zealot x3  
  110  28:12  Zealot  
  118  28:26  Probe  
  118  28:28  Probe  
  118  28:30  Probe  
  121  28:34  Zealot  
  121  28:35  Zealot x3  
  121  28:36  Probe  
  121  28:40  Probe  
  131  28:41  Probe  
  131  28:47  Probe  
  132  28:52  Probe x2  
  109  28:58  Probe  
  109  29:02  Zealot x2  
  112  29:03  Zealot x5  
  112  29:04  Probe, Zealot  
  112  29:08  Probe  
  127  29:16  Probe  
  129  29:57  Dark Templar x5  
  129  29:58  Dark Templar x3  
  142  30:19  Probe x2  
  142  30:21  Probe  
  129  30:29  Probe  
  129  30:30  Probe  
  129  30:33  Probe  
  132  30:40  Probe  
  133  30:54  Pylon  
  133  30:55  Pylon  
  133  30:57  Pylon  
  133  30:58  Pylon  
  133  31:00  Pylon  
  133  31:03  Archon x3  
  133  31:04  Archon  
  125  32:05  Dark Templar x3  
  125  32:06  Dark Templar x2  
  76  33:27  Archon x2  
Show
View Real Time Build Order
Export as new Build Order

Jhyrachy Zerg 

Build Orders: Hatch First, Lurkers 

Get SALT Encoding   

  12  0:01  Drone  
  13  0:10  Drone  
  14  0:17  Overlord  
  14  0:36  Drone  
  14  0:37  Drone x2  
  18  0:57  Drone  
  18  1:00  Hatchery  
  17  1:08  Drone, Extractor  
  17  1:12  Drone  
  18  1:24  Spawning Pool, Drone  
  18  1:35  Drone  
  19  1:59  Drone  
  20  2:04  Drone  
  21  2:13  Drone  
  22  2:20  Queen  
  24  2:25  Hatchery  
  24  2:28  Queen  
  25  2:31  Drone x3  
  28  2:40  Overlord x2  
  28  2:58  Lair  
  28  3:01  Extractor  
  28  3:02  Drone x5, Extractor  
  31  3:11  Queen  
  33  3:16  Drone x2  
  35  3:56  Drone x11  
  35  4:00  Hydralisk Den  
  45  4:05  Evolution Chamber  
  44  4:11  Spore Crawler  
  44  4:15  Spore Crawler  
  42  4:28  Zergling x4  
  44  4:35  Zerg Missile Weapons Level 1  
  44  4:39  Queen  
  44  4:42  Lurker Den  
  46  4:50  Drone x4  
  46  4:51  Extractor  
  46  4:52  Drone  
  50  4:54  Overlord x3  
  50  4:57  Overseer  
  50  5:13  Hydralisk  
  50  5:14  Hydralisk x5  
  60  5:52  Drone x5  
  65  6:05  Spore Crawler  
  65  6:10  Lurker x2  
  65  6:11  Lurker x4  
  70  6:13  Drone  
  70  6:14  Drone x3  
  70  6:17  Overlord x4  
  74  6:48  Hydralisk  
  74  6:49  Hydralisk x3  
  74  6:51  Overlord x3  
  74  6:52  Overlord  
  76  7:18  Hydralisk x2  
  76  7:19  Hydralisk x11  
  102  7:23  Muscular Augments  
  102  7:35  Zerg Missile Weapons Level 2  
  102  7:42  Hydralisk x2  
  106  7:46  Overlord x3  
  106  7:48  Metabolic Boost  
  106  8:03  Hatchery  
  105  8:10  Overlord  
  105  8:16  Lurker  
  105  8:17  Lurker  
  107  8:25  Queen  
  109  8:29  Extractor  
  109  8:30  Drone x3  
  109  8:31  Extractor  
  109  8:32  Drone x3  
  109  8:33  Drone x3  
  109  8:34  Drone, Overlord x3  
  117  9:00  Hydralisk  
  117  9:01  Hydralisk x8  
  135  9:29  Hydralisk x10  
  135  9:30  Hydralisk  
  155  10:01  Lurker x5  
  160  10:18  Overlord x2  
  160  10:19  Overlord x3  
  160  10:29  Zerg Ground Armor Level 1  
  160  10:48  Extractor  
  159  10:50  Spore Crawler  
  156  11:15  Overseer x2  
  156  11:16  Pneumatized Carapace  
  156  11:32  Drone  
  157  11:39  Hydralisk x2  
  159  11:40  Hydralisk x16  
  193  11:48  Hatchery  
  192  11:56  Queen  
  194  12:07  Overlord x2  
  194  12:08  Overlord  
  194  12:18  Infestation Pit  
  193  12:38  Extractor  
  193  12:42  Extractor  
  139  13:20  Hydralisk x4  
  139  13:21  Hydralisk x18  
  139  13:27  Drone x3  
  170  13:40  Lurker  
  170  13:41  Lurker x5  
  123  14:39  Overseer  
  115  15:27  Drone x2  
  117  15:40  Hatchery x2  
  117  15:41  Hatchery  
  101  16:25  Lurker x4  
  104  16:26  Lurker x16  
  104  16:32  Zergling x18  
  130  16:35  Queen x2  
  128  17:18  Hydralisk x6  
  128  17:19  Hydralisk x2  
  144  17:34  Queen x4  
  144  17:35  Queen  
  155  17:58  Drone x3  
  155  17:59  Drone x2  
  155  18:00  Drone  
  155  18:04  Extractor  
  159  18:08  Spire  
  158  18:23  Drone x3  
  161  18:48  Hydralisk  
  161  18:49  Hydralisk x3  
  169  18:56  Extractor  
  168  19:05  Hatchery  
  167  19:30  Infestation Pit  
  166  20:02  Drone  
  166  20:03  Drone x2  
  166  20:04  Drone x4  
  173  20:08  Hydralisk x5  
  173  20:09  Hydralisk x5  
  193  20:42  Hydralisk  
  193  20:43  Hydralisk x2  
  193  20:45  Drone  
  200  20:53  Zerg Flyer Weapons Level 1  
  200  20:59  Neural Parasite  
  200  21:37  Hatchery  
  199  22:18  Pathogen Glands  
  189  22:56  Corruptor x6  
  199  23:11  Spore Crawler, Overseer  
  199  23:12  Overseer x2  
  195  23:57  Corruptor  
  195  23:58  Corruptor  
  197  24:06  Corruptor  
  139  25:07  Hydralisk x2  
  139  25:08  Hydralisk x27  
  139  25:09  Hydralisk x3  
  100  26:53  Hydralisk  
  99  26:54  Hydralisk  
  99  26:55  Hydralisk x22  
  99  26:56  Hydralisk x9  
  156  27:07  Corruptor x3  
  147  27:23  Drone x6  
  147  27:24  Drone x7  
  93  28:13  Extractor  
  93  28:18  Lurker x3  
  93  28:19  Lurker x3  
  98  28:20  Lurker  
  98  28:21  Lurker  
  100  28:35  Extractor  
  97  29:05  Corruptor  
  97  29:06  Corruptor x3  
  97  29:07  Corruptor  
  103  29:29  Zergling x6  
  103  29:30  Zergling x54  
  83  30:13  Infestor x2  
  83  30:14  Infestor  
  64  30:45  Spore Crawler  
  64  30:46  Spore Crawler x2  
  61  31:07  Zergling x20  
  61  31:08  Zergling x46  
  94  31:17  Zerg Melee Weapons Level 1  
  39  33:06  Hydralisk  
  39  33:07  Hydralisk x13  
  60  33:24  Spine Crawler  
  60  33:25  Spine Crawler  
  60  33:26  Spine Crawler  
  57  33:27  Spine Crawler  
  54  33:37  Spore Crawler  
  22  34:07  Spine Crawler  
  21  34:25  Spine Crawler  
  18  34:33  Zergling x10  
  18  34:34  Zergling x20  
  14  35:23  Queen x2  
  14  35:58  Queen  
  14  35:59  Queen  
Tags
 
Add a new tag
Caveats
  • Supply blocks, unpowered buildings, or Contaminate may cause inaccurate times.
  • Supply counts are checked every 10 seconds.